AoeStats
← Goldenthums2

Fortress

508653502Analyzed
4v4 RM · 8d ago on Sep 23, 2026· 42m 27s· 8 players
Game mode
Random Map
Map size
Huge
Population
200
Speed
Normal
Resources
Standard
Victory
Conquest
Starting age
Dark Age
Ending age
Imperial Age
RankedLock teamsTeams togetherTeam positionsShared explorationLock speedFull tech treeHidden civsTurbo modeCheats
Victory
Defeat
🇺🇸 Romans · United States
640
+13
🇫🇷 Franks · France
580
+15
🇺🇸 Vietnamese · United States
555
+16
🇺🇸 Ethiopians · United States
545
+17
🇮🇹 Turks · Italy
716
-22
🇦🇷 Spanish · Argentina
636
-18
🇨🇳 Teutons · China
470
-11
🇬🇧 Gurjaras · United Kingdom
424
-10
Goldenthums2
2:32 Loom
6:29 Feudal Age
7:55 Horse Collar
8:06 Double-Bit Axe
11:47 Wheelbarrow
16:24 Castle Age
14:27 Man-at-Arms
14:35 Man-at-Arms
14:44 Man-at-Arms
18:56 Heavy Plow
19:14 Bow Saw
26:40 Ballistics
27:28 Squires
29:09 Long Swordsman
31:21 Hand Cart
40:02 Imperial Age
42:08 Chemistry
NC Buss
0:31 Loom
9:25 Feudal Age
10:02 Horse Collar
10:10 Double-Bit Axe
16:40 Castle Age
15:54 Arson
16:26 Forging
16:17 Scale Mail Armor
16:20 Stone Mining
16:21 Gold Mining
19:13 Bow Saw
26:20 Masonry
30:57 Imperial Age
30:57 Elite Shotel Warrior
32:13 Architecture
32:24 Iron Casting
32:05 Chain Mail Armor
34:17 Blast Furnace
34:14 Gold Shaft Mining
34:17 Stone Shaft Mining
34:49 Chemistry
34:15 Ballistics
34:58 Caravan
38:15 Royal Heirs
41:31 Plate Mail Armor
41:12 Siege Engineers
41:51 Wheelbarrow
41:02 Town Watch
wreakzhavoc
0:57 Loom
10:15 Feudal Age
11:52 Town Watch
11:57 Horse Collar
20:09 Castle Age
18:47 Fletching
18:57 Padded Archer Armor
19:01 Double-Bit Axe
19:24 Gold Mining
19:31 Stone Mining
21:24 Caravan
25:45 Imperial Age
28:06 Heavy Plow
33:03 Paper Money
33:37 Ballistics
34:33 Elite Rattan Archer
36:23 Chemistry
35:53 Bow Saw
37:22 Thumb Ring
39:06 Crop Rotation
40:57 Two-Man Saw
42:40 Bodkin Arrow
43:00 Leather Archer Armor
ToNi0
7:39 Feudal Age
8:52 Double-Bit Axe
17:10 Castle Age
15:17 Stone Mining
15:36 Gold Mining
18:51 Caravan
24:56 Bow Saw
28:30 Imperial Age
32:16 Wheelbarrow
31:32 Town Watch
31:53 Pikeman
32:13 Capped Ram
32:21 Elite Skirmisher
34:51 Chemistry
33:37 Arrowslits
33:48 Murder Holes
34:05 Fortified Wall
36:39 Conscription
36:38 Siege Engineers
37:17 Gold Shaft Mining
37:22 Hand Cart
37:08 Town Patrol
37:26 Forging
37:17 Scale Mail Armor
37:23 Scale Barding Armor
37:19 Padded Archer Armor
37:10 Fletching
37:19 Gambesons
36:55 Man-at-Arms
37:36 Squires
37:22 Arson
38:02 Long Swordsman
41:30 Heavy Scorpion
41:33 Two-Handed Swordsman
42:11 Guard Tower
42:33 Masonry
42:03 Treadmill Crane
krissy2b3
1:55 Loom
10:50 Feudal Age
11:25 Man-at-Arms
11:50 Arson
12:35 Town Watch
14:19 Horse Collar
15:19 Double-Bit Axe
16:12 Wheelbarrow
20:47 Castle Age
21:18 Forging
20:59 Fletching
21:18 Padded Archer Armor
23:13 Long Swordsman
24:07 Crossbowman
25:21 Heavy Plow
25:40 Stone Mining
25:44 Gold Mining
26:37 Scale Mail Armor
31:57 Bloodlines
32:54 Scale Barding Armor
34:55 Bow Saw
LAI32
8:26 Feudal Age
8:56 Double-Bit Axe
8:56 Horse Collar
10:29 Wheelbarrow
16:04 Castle Age
14:01 Loom
16:55 Caravan
18:47 Heavy Plow
19:02 Bow Saw
20:48 Hand Cart
22:14 Gold Mining
22:15 Stone Mining
26:35 Imperial Age
27:17 Cavalier
29:45 Crop Rotation
30:19 Two-Man Saw
31:33 Masonry
32:25 Chemistry
31:53 Ballistics
31:58 Paladin
33:03 Forging
33:25 Scale Barding Armor
34:25 Ironclad
34:58 Iron Casting
34:53 Chain Barding Armor
36:10 Arson
37:33 Blast Furnace
Kingslayers_
Imperio Argentino
Connection lost

Rejoining the realm…

Still unreachable

The connection could not be restored.

Session expired

The server has moved on; the page needs a fresh start.